AoeStats
← cmd

Arabia

509406229Analyzed
2v2 RM · 5d ago on Sep 26, 2026· 37m 16s· 4 players
Game mode
Random Map
Map size
Medium (4 player)
Population
200
Speed
Normal
Resources
Standard
Victory
Conquest
Starting age
Dark Age
Ending age
Imperial Age
RankedLock teamsTeams togetherTeam positionsShared explorationLock speedFull tech treeHidden civsTurbo modeCheats
Victory
Defeat
🇬🇧 Britons · United Kingdom
1007
+13
🇬🇧 Franks · United Kingdom
853
+20
🇩🇪 Lithuanians · Germany
956
-17
🇩🇪 Mongols · Germany
923
-16
Johnny Nutmeg
8:24 Loom
10:20 Feudal Age
11:12 Double-Bit Axe
14:04 Horse Collar
14:44 Fletching
18:24 Wheelbarrow
21:08 Castle Age
19:35 Gold Mining
21:10 Crossbowman
21:46 Bodkin Arrow
22:41 Padded Archer Armor
25:36 Pikeman
30:54 Bow Saw
32:15 Ballistics
35:22 Imperial Age
34:43 Yeomen
35:09 Leather Archer Armor
35:01 Scale Barding Armor
36:36 Bracer
37:40 Chemistry
37:40 Conscription
OGBill
1:59 Loom
10:23 Feudal Age
10:53 Double-Bit Axe
11:38 Gold Mining
22:47 Castle Age
24:02 Scale Barding Armor
23:58 Scale Mail Armor
24:09 Forging
24:03 Husbandry
25:58 Bow Saw
25:43 Stone Mining
28:30 Chain Barding Armor
28:27 Chain Mail Armor
28:48 Iron Casting
29:38 Wheelbarrow
29:21 Squires
29:10 Arson
32:36 Gold Shaft Mining
37:31 Imperial Age
35:57 Fletching
36:07 Padded Archer Armor
36:12 Murder Holes
36:41 Gambesons
helo
6:59 Loom
8:59 Feudal Age
10:38 Double-Bit Axe
14:42 Horse Collar
19:33 Castle Age
22:29 Wheelbarrow
23:38 Bloodlines
27:13 Husbandry
28:55 Scale Barding Armor
30:19 Chain Barding Armor
30:10 Forging
29:24 Light Cavalry
31:01 Heavy Plow
31:01 Gold Mining
32:34 Iron Casting
34:10 Fletching
cmd
8:48 Loom
11:19 Feudal Age
12:00 Double-Bit Axe
21:15 Castle Age
21:27 Horse Collar
22:55 Wheelbarrow
24:34 Bow Saw
24:27 Heavy Plow
24:48 Gold Mining
27:29 Hand Cart
31:49 Thumb Ring
31:37 Fletching
31:48 Padded Archer Armor
32:34 Husbandry
33:15 Gold Shaft Mining
32:31 Stone Mining
36:52 Imperial Age
36:05 Ballistics
35:11 Elite Skirmisher
Connection lost

Rejoining the realm…

Still unreachable

The connection could not be restored.

Session expired

The server has moved on; the page needs a fresh start.